Map: [ESL] Waterfall

Players

Harstem - Winner!

  • Race: Protoss Protoss
  • Spawn Location: 1:00

MeomaikA

  • Race: Zerg Zerg
  • Spawn Location: 7:00

Event: DreamHack SC2 Masters 2022 Atlanta (Offline)

VOD

Have the link to the VOD?

Description

Time

  • Played on: Nov. 18, 2022, 6:24 p.m.
  • Length: 19:33

All games in this series

Show
View Real Time Build Order
Export as new Build Order

Harstem Protoss - Winner!

Build Orders: 1 Gate Expand, Mass Adepts, Dark Templar Rush 

Get SALT Encoding   

  12  0:00  Probe  
  13  0:12  Probe  
  14  0:19  Pylon  
  14  0:24  Probe  
  15  0:37  Probe (Chrono Boost)  
  15  0:39  Gateway  
  16  0:46  Probe (Chrono Boost)  
  16  0:48  Assimilator  
  17  0:52  Probe  
  18  1:04  Probe  
  19  1:13  Pylon  
  19  1:16  Probe  
  20  1:26  Cybernetics Core  
  21  1:37  Nexus  
  20  1:44  Pylon  
  20  1:58  Cybernetics Core  
  20  1:59  Adept (Chrono Boost)  
  21  2:04  Probe  
  21  2:07  Warp Gate  
  23  2:16  Probe  
  23  2:19  Assimilator  
  23  2:20  Adept (Chrono Boost)  
  24  2:28  Probe  
  27  2:36  Twilight Council  
  27  2:40  Probe  
  28  2:45  Adept  
  28  2:50  Probe  
  31  2:53  Gateway  
  31  2:57  Probe  
  32  3:02  Probe  
  33  3:06  Resonating Glaives (Chrono Boost)  
  33  3:09  Probe  
  34  3:17  Adept  
  37  3:23  Gateway  
  37  3:25  Probe  
  37  3:28  Probe  
  38  3:37  Probe  
  38  3:40  Probe  
  40  3:42  Pylon  
  40  3:50  Probe  
  40  3:52  Probe  
  42  3:56  Dark Shrine  
  42  3:57  Adept x2  
  42  4:02  Probe  
  47  4:04  Probe  
  48  4:13  Pylon  
  50  4:17  Stalker  
  50  4:21  Adept x2  
  54  4:31  Probe x2  
  56  4:36  Pylon  
  56  4:41  Adept  
  56  4:42  Adept x2  
  62  4:46  Pylon  
  62  4:54  Probe x2  
  62  4:59  Nexus  
  64  5:06  Probe  
  65  5:10  Probe  
  65  5:13  Dark Templar x2  
  70  5:17  Adept  
  70  5:18  Pylon  
  70  5:24  Probe  
  70  5:26  Shield Battery  
  71  5:28  Shield Battery  
  71  5:29  Probe  
  72  5:36  Probe, Assimilator  
  72  5:38  Assimilator  
  72  5:40  Stalker  
  75  5:43  Stalker  
  75  5:44  Probe  
  78  5:50  Shield Battery, Sentry, Probe  
  78  5:56  Probe  
  82  6:00  Gateway  
  82  6:02  Probe  
  83  6:05  Robotics Facility  
  83  6:09  Probe  
  84  6:12  Probe  
  84  6:13  Zealot  
  84  6:14  Probe  
  84  6:16  Assimilator  
  84  6:17  Pylon  
  88  6:22  Stalker  
  88  6:25  Stalker  
  88  6:31  Shield Battery  
  88  6:35  Probe  
  88  6:39  Stalker  
  91  6:41  Shield Battery  
  85  6:51  Stalker x2  
  75  6:54  Probe  
  75  6:55  Probe  
  75  6:58  Probe  
  66  7:01  Stalker  
  66  7:06  Probe  
  66  7:07  Stalker  
  71  7:08  Probe  
  71  7:10  Probe  
  71  7:11  Immortal (Chrono Boost)  
  77  7:17  Robotics Bay  
  75  7:23  Stalker x2  
  75  7:24  Sentry  
  75  7:26  Probe  
  75  7:28  Probe  
  83  7:39  Pylon x2  
  83  7:42  Stalker  
  83  7:45  Shield Battery  
  83  7:47  Sentry  
  85  7:56  Sentry  
  85  7:57  Probe  
  85  7:58  Pylon  
  86  8:01  Sentry  
  86  8:02  Immortal (Chrono Boost)  
  84  8:13  Sentry  
  84  8:18  Probe  
  84  8:19  Probe  
  88  8:21  Gateway  
  88  8:22  Zealot  
  88  8:23  Phoenix  
  88  8:26  Zealot  
  92  8:32  Disruptor (Chrono Boost)  
  93  8:37  Blink (Chrono Boost)  
  95  8:43  Probe  
  95  8:44  Probe  
  97  8:56  Nexus  
  97  8:58  Probe  
  97  9:00  Probe  
  99  9:05  Disruptor (Chrono Boost), Stalker  
  99  9:07  Stalker x2  
  107  9:12  Probe  
  107  9:16  Pylon  
  108  9:20  Probe  
  109  9:25  Pylon  
  109  9:30  Gateway  
  109  9:33  Disruptor (Chrono Boost)  
  109  9:37  Stalker, Pylon  
  114  9:51  Stalker x2  
  118  10:00  Nexus  
  118  10:08  Pylon  
  118  10:09  Phoenix  
  118  10:13  Pylon x2  
  118  10:25  Pylon  
  118  10:26  Disruptor  
  121  10:28  Stalker x2  
  121  10:30  Shield Battery  
  121  10:32  Shield Battery, Adept  
  127  10:40  Adept  
  127  10:41  Adept  
  129  10:53  Probe  
  129  10:54  Stalker x2  
  134  11:02  Disruptor (Chrono Boost)  
  137  11:09  Stalker x2  
  138  11:14  Zealot  
  140  11:19  Adept x2  
  140  11:22  Pylon  
  144  11:31  Disruptor (Chrono Boost)  
  147  11:32  Assimilator  
  147  11:35  Forge  
  147  11:39  Assimilator  
  147  11:41  Shield Battery  
  147  11:42  Probe x2  
  149  11:52  Stalker x2  
  149  11:53  Stalker  
  151  12:14  Adept x2, Protoss Ground Weapons Level 1 (Chrono Boost)  
  155  12:16  Pylon  
  155  12:19  Photon Cannon  
  155  12:27  Dark Templar  
  157  12:31  Probe  
  157  12:33  Templar Archives  
  157  12:36  Stalker x2  
  162  12:42  Nexus, Stalker  
  164  12:54  Stalker  
  166  12:59  Probe, Gateway  
  166  13:00  Pylon  
  166  13:01  Gateway  
  166  13:04  Photon Cannon  
  163  13:11  Stalker x3  
  169  13:20  Probe, Gateway  
  169  13:25  High Templar x2  
  174  13:28  Photon Cannon  
  174  13:30  Archon  
  174  13:40  High Templar  
  174  13:41  Zealot, High Templar  
  180  13:42  Pylon  
  180  13:45  Archon  
  178  13:54  Probe  
  178  13:55  Charge  
  179  13:57  Stalker x2  
  179  13:58  Zealot x2  
  154  14:10  Phoenix  
  154  14:14  Stalker x3  
  154  14:16  Probe  
  146  14:22  Nexus  
  146  14:24  Pylon  
  145  14:25  High Templar x2, Pylon  
  145  14:30  Archon  
  149  14:32  Observer (Chrono Boost)  
  149  14:34  High Templar x2  
  149  14:38  High Templar x2  
  158  14:39  Archon  
  158  14:41  Probe  
  158  14:42  Archon  
  158  14:43  Shield Battery  
  153  15:10  Stalker x7  
  154  15:20  Probe  
  133  15:24  Stalker  
  133  15:25  Protoss Ground Weapons Level 2 (Chrono Boost)  
  133  15:27  Nexus  
  130  15:32  Probe  
  131  15:36  High Templar  
  131  15:37  High Templar x3  
  131  15:41  Archon x2  
  131  15:42  Probe  
  140  15:46  Observer, Pylon  
  133  15:59  Immortal (Chrono Boost)  
  133  16:02  Nexus  
  132  16:05  High Templar x2  
  132  16:08  Zealot  
  132  16:09  Archon  
  138  16:13  Photon Cannon  
  138  16:21  Observer, High Templar x2  
  138  16:22  Zealot  
  144  16:26  Archon  
  144  16:27  Probe  
  145  16:44  Observer (Chrono Boost)  
  146  16:48  Stalker x4  
  153  17:05  Probe  
  153  17:07  Pylon  
  154  17:17  Adept x5  
  143  17:35  Stalker x3  
  130  17:41  Probe x2  
  118  17:46  High Templar  
  118  17:47  High Templar  
  121  17:52  Archon  
  121  17:57  Adept  
  120  18:08  Adept  
  98  18:25  Adept x2  
  88  18:37  Probe  
  88  18:38  High Templar x2  
  93  18:43  Archon  
  89  18:57  Adept x3  
  81  19:23  Adept x3  
Show
View Real Time Build Order
Export as new Build Order

MeomaikA Zerg 

Build Orders: Pool First 

Get SALT Encoding   

  12  0:00  Drone  
  13  0:12  Overlord  
  13  0:16  Drone  
  14  0:30  Drone  
  15  0:38  Spawning Pool  
  15  0:40  Drone  
  15  0:44  Drone  
  15  0:48  Drone  
  17  1:08  Drone  
  18  1:24  Zergling x4, Extractor  
  19  1:27  Queen  
  19  1:28  Zergling x2  
  22  1:38  Overlord  
  22  1:53  Hatchery  
  21  1:55  Drone  
  22  2:02  Drone  
  22  2:03  Queen  
  25  2:11  Drone  
  26  2:22  Drone  
  27  2:33  Drone  
  27  2:36  Drone x2  
  30  2:37  Metabolic Boost  
  30  2:54  Overlord  
  30  3:04  Zergling x2, Queen  
  30  3:05  Zergling x2  
  34  3:06  Zergling x2  
  34  3:09  Drone  
  34  3:12  Drone x2  
  38  3:13  Drone  
  39  3:21  Drone  
  39  3:23  Drone  
  41  3:28  Drone  
  42  3:38  Hatchery  
  42  3:41  Drone x3  
  43  3:46  Overlord  
  44  3:48  Lair  
  44  3:58  Overlord  
  44  3:59  Roach Warren  
  44  4:00  Drone  
  44  4:05  Drone x2  
  44  4:06  Drone  
  47  4:10  Extractor  
  47  4:11  Drone  
  47  4:17  Drone x4  
  49  4:23  Overlord  
  51  4:25  Zergling x6  
  54  4:32  Zergling x2  
  54  4:34  Queen  
  57  4:40  Roach  
  57  4:43  Roach  
  61  4:47  Roach  
  61  4:49  Roach x2, Overlord  
  61  4:50  Roach  
  69  4:57  Roach x2  
  69  4:58  Overlord  
  73  5:01  Glial Reconstitution  
  73  5:03  Overseer  
  75  5:07  Roach  
  75  5:11  Roach  
  75  5:13  Roach  
  79  5:15  Roach  
  79  5:17  Roach  
  79  5:20  Drone x2  
  86  5:21  Drone  
  86  5:25  Roach x2  
  90  5:29  Overlord  
  90  5:37  Overlord  
  90  5:39  Overlord  
  90  5:42  Overseer  
  90  5:51  Roach  
  90  5:52  Roach x3, Overlord  
  90  5:53  Overlord  
  98  5:58  Roach  
  98  6:03  Zergling x10, Roach  
  107  6:05  Zergling x2  
  107  6:06  Zergling x2  
  107  6:08  Zergling x4  
  107  6:11  Zergling x4  
  112  6:14  Zergling x2  
  112  6:18  Zergling x2  
  115  6:29  Zergling x4, Roach x5  
  125  6:37  Zergling x6  
  125  6:41  Zergling x4, Overlord  
  116  6:47  Zergling x2  
  116  6:48  Zergling x2  
  116  6:50  Zergling x2  
  116  6:52  Zergling x2  
  113  6:54  Zergling x2  
  113  6:57  Zergling x2  
  113  7:01  Zergling x2  
  111  7:04  Zergling x2  
  111  7:05  Zergling x2  
  111  7:07  Zergling x2  
  114  7:08  Overseer  
  114  7:10  Zergling x2  
  114  7:14  Zergling x2  
  112  7:15  Zergling x2  
  112  7:21  Overseer  
  114  7:22  Zergling x2  
  114  7:23  Zergling x2  
  114  7:25  Drone x2  
  114  7:27  Drone  
  118  7:31  Spore Crawler  
  118  7:33  Roach  
  118  7:35  Ravager  
  120  7:37  Roach  
  120  7:41  Roach  
  122  7:49  Zergling x4  
  122  7:50  Zergling x2  
  118  7:51  Roach  
  118  7:52  Zergling x4  
  118  7:56  Zergling x4  
  117  8:02  Roach  
  116  8:07  Zergling x2  
  116  8:08  Zergling x2  
  116  8:10  Zergling x2  
  108  8:14  Drone  
  108  8:16  Zergling x2  
  104  8:22  Roach  
  104  8:24  Spore Crawler  
  106  8:27  Zergling x4  
  106  8:28  Zergling x4  
  106  8:29  Roach  
  106  8:33  Zergling x2  
  112  8:35  Zergling x2  
  112  8:36  Roach  
  115  8:45  Zergling x2  
  115  8:46  Zergling x2  
  115  8:47  Zergling x2  
  118  8:51  Zergling x2  
  118  8:53  Zergling x4  
  118  8:54  Overlord  
  121  8:56  Zergling x2  
  121  8:57  Zergling x2  
  121  8:59  Zergling x4  
  121  9:01  Zergling x4  
  127  9:03  Drone x2  
  129  9:10  Drone x3  
  129  9:11  Evolution Chamber  
  130  9:21  Drone x5  
  137  9:24  Zergling x6  
  137  9:25  Zergling x2  
  137  9:26  Zergling x2  
  137  9:29  Zergling x2  
  137  9:30  Zergling x2  
  142  9:43  Overlord  
  142  9:45  Zerg Melee Weapons Level 1  
  141  9:57  Overlord x3  
  141  9:59  Hatchery  
  140  10:17  Zergling x22  
  140  10:21  Zergling x2  
  152  10:22  Zergling x4  
  152  10:24  Zergling x6  
  157  10:29  Zergling x4  
  157  10:30  Zergling x2  
  157  10:33  Zergling x2, Overlord  
  157  10:35  Zergling x2  
  162  10:47  Zergling x4  
  162  10:51  Overlord  
  162  10:52  Zergling x6, Overlord x2  
  162  10:54  Zergling x2  
  166  10:58  Zergling x2  
  166  10:59  Zergling x2  
  166  11:02  Zergling x4  
  159  11:05  Zergling x4  
  159  11:08  Zergling x2  
  159  11:10  Zergling x2  
  131  11:11  Overlord  
  131  11:13  Drone  
  133  11:21  Drone x3  
  133  11:22  Zergling x4  
  133  11:24  Drone x2  
  133  11:25  Spire, Extractor  
  136  11:32  Drone x3  
  139  11:42  Drone x3  
  139  11:44  Zergling x2  
  139  11:45  Zergling x4  
  145  11:49  Zerg Melee Weapons Level 2  
  145  11:51  Zergling x2  
  145  11:53  Drone x2  
  147  11:54  Hatchery  
  147  11:55  Drone  
  147  12:03  Zergling x4  
  147  12:04  Zergling x8  
  147  12:07  Overlord  
  153  12:09  Overseer  
  153  12:19  Drone  
  153  12:20  Drone x6  
  153  12:21  Zergling x4  
  153  12:22  Zergling x2  
  163  12:23  Zergling x2  
  163  12:24  Zergling x2  
  163  12:27  Zergling x4  
  167  12:31  Zergling x6  
  167  12:32  Zergling x2  
  167  12:33  Zergling x2  
  167  12:34  Zergling x2  
  167  12:37  Overlord  
  168  12:46  Zergling x16  
  168  12:48  Zergling x2  
  177  12:54  Drone x2  
  177  12:55  Drone x2  
  177  12:57  Ravager x2  
  177  12:58  Ravager x5  
  188  13:00  Zergling x6  
  188  13:02  Zergling x2  
  188  13:03  Zergling x2  
  188  13:04  Zergling x2  
  193  13:05  Zergling x2  
  193  13:06  Zergling x2  
  193  13:10  Zergling x6  
  198  13:16  Spore Crawler, Zergling x2  
  198  13:17  Zergling x4  
  200  13:27  Zerg Flyer Weapons Level 1  
  191  14:03  Zergling x8  
  191  14:08  Zergling x2  
  140  14:19  Zerg Missile Weapons Level 1  
  140  14:20  Roach  
  140  14:21  Roach x29  
  193  14:25  Zergling x2  
  193  14:27  Queen  
  193  14:29  Spine Crawler  
  193  14:30  Drone x3  
  198  14:33  Zergling x2  
  199  14:40  Hatchery  
  198  14:46  Extractor  
  165  15:09  Zergling x2  
  165  15:10  Zergling x46  
  171  15:15  Zergling x2  
  171  15:20  Zergling x2  
  171  15:21  Zergling x6  
  154  15:28  Zergling x4  
  149  15:29  Zergling x2  
  149  15:30  Zergling x2  
  149  15:33  Zergling x4  
  149  15:34  Zergling x2  
  149  15:35  Zergling x2  
  155  15:36  Zergling x6  
  155  15:38  Zergling x2  
  159  15:46  Zergling x8  
  159  15:49  Zergling x2  
  164  15:53  Zergling x4  
  164  15:54  Zergling x6  
  164  15:55  Zergling x2  
  147  15:57  Zergling x4  
  147  15:58  Zergling x2  
  147  16:00  Mutalisk x6  
  147  16:03  Zergling x2  
  156  16:05  Zergling x10  
  156  16:06  Zergling x6  
  156  16:08  Zergling x2  
  165  16:12  Roach  
  165  16:14  Roach  
  165  16:15  Zerg Missile Weapons Level 2  
  165  16:16  Zergling x2  
  165  16:17  Zergling x4  
  172  16:19  Zergling x2, Hatchery  
  172  16:23  Zergling x6  
  172  16:24  Zergling x4  
  172  16:25  Zergling x6  
  179  16:28  Zergling x2  
  179  16:29  Zergling x2  
  179  16:30  Zergling x6  
  179  16:31  Zergling x4  
  187  16:36  Zergling x4  
  187  16:39  Zergling x4  
  191  16:42  Infestation Pit  
  191  16:45  Zergling x4  
  191  16:46  Zergling x12  
  145  17:32  Roach  
  145  17:33  Zergling x18, Roach x22  
  145  17:34  Zergling x2  
  145  17:36  Zergling x2  
  179  17:37  Zergling x2  
  179  17:38  Zergling x2  
  179  17:39  Zergling x2  
  179  17:41  Zergling x2  
  179  17:43  Zergling x2  
  142  17:44  Roach  
  142  17:46  Roach  
  142  17:49  Roach  
  142  17:50  Roach  
  140  17:52  Roach  
  140  17:54  Ravager x4  
  140  17:56  Roach  
  140  17:58  Roach  
  149  18:00  Roach  
  149  18:02  Roach  
  149  18:03  Zergling x2  
  149  18:04  Ravager x2  
  149  18:05  Ravager  
  157  18:06  Zergling x2  
  157  18:08  Zergling x2  
  157  18:09  Zergling x4  
  157  18:11  Zergling x2  
  157  18:12  Zergling x2  
  158  18:15  Zergling x4  
  158  18:16  Zergling x2  
  158  18:17  Zergling x2  
  158  18:19  Zergling x2  
  145  18:20  Zergling x2  
  145  18:22  Zergling x2  
  145  18:23  Zergling x2  
  145  18:25  Zergling x2  
  145  18:27  Zergling x2  
  143  18:29  Zergling x2  
  143  18:31  Zergling x2  
  143  18:33  Zergling x2  
  116  18:35  Zergling x2  
  116  18:39  Zergling x4  
  115  18:41  Ravager  
  115  18:42  Ravager  
  115  18:43  Ravager x2  
  115  18:44  Ravager  
  115  18:47  Zergling x2  
  116  18:49  Zergling x2  
  116  18:51  Zergling x2  
  116  18:53  Zergling x2  
  116  18:55  Zergling x2  
  117  18:59  Zergling x4  
  117  19:01  Zergling x2  
  120  19:04  Zergling x2  
  120  19:05  Zergling x2  
  120  19:08  Zergling x2  
  120  19:09  Zergling x2  
  113  19:12  Zergling x2  
  113  19:13  Zergling x2  
Tags
 
Add a new tag
Caveats
  • Supply blocks, unpowered buildings, or Contaminate may cause inaccurate times.
  • Supply counts are checked every 10 seconds.